 Dungeon Crawl Stone Soup version 0.31-a0-152-g6aa68a64a1 (webtiles) character file.

Game seed: 5480182406623995836

136 qw the Chopper (level 5, -7/32 HPs)
             Began as a Gargoyle Fighter on June 10, 2023.
             Mangled by an ice beast (11 damage)
             ... on level 3 of the Dungeon.
             The game lasted 00:01:13 (2548 turns).

qw the Chopper (Gargoyle Fighter)                   Turns: 2548, Time: 00:01:13

Health: -7/32      AC: 12    Str: 22    XL:     5   Next: 19%
Magic:  5/5        EV:  9    Int:  8    God:
Gold:   193        SH:  4    Dex:  9    Spells: 4/4 levels left

rFire   . . .        Y - +1 war axe
rCold   . . .        c - +0 buckler
rNeg    + . .        b - +0 scale mail
rPois   inf          k - +0 helmet
rElec   +            (no cloak)
rCorr   .            (no gloves)
SInv    .            (no boots)
Will    .....        (no amulet) Stlth
                     (no ring)
HPRegen 0.25/turn    (no ring)
MPRegen 0.09/turn

%: no passive effects
@: no status effects
A: sickness immunity, AC +4, negative energy resistance 1, electricity
resistance, torment resistance 1, petrification resistance
a: no special abilities


You were on level 3 of the Dungeon.
You visited 1 branch of the dungeon, and saw 3 of its levels.

You collected 193 gold pieces.


Innate Abilities, Weirdness & Mutations

You are immune to sickness and miasma.
Your stone body is resilient. (AC +4)
You are immune to poison.
You resist negative energy. (rN+)
You are resistant to electric shocks. (rElec)
You are resistant to unholy torment.
You are immune to petrification.


   Skills:
 - Level 3.2 Fighting
 + Level 4.7 Axes
 - Level 3.2 Armour
 - Level 3.2 Shields


You had 4 spell levels left.
You didn't know any spells.
Your spell library was empty.

Inventory:

Hand Weapons
 e - a +0 mace
 Y - a +1 war axe (weapon)
Armour
 b - a +0 scale mail (worn)
 c - a +0 buckler (worn)
 k - a +0 helmet (worn)
 n - a +0 chain mail
Scrolls
 a - a scroll of summoning {unknown}
 i - 2 scrolls of identify
 m - a scroll of immolation {unknown}
Potions
 d - a potion of might
 f - a potion of curing
 g - a potion of magic {unknown}
 h - a potion of mutation {unknown}
 j - a potion of heal wounds {unknown}
 l - a potion of haste {unknown}
 o - a potion of ambrosia {unknown}

Dungeon Overview and Level Annotations

Branches:
Dungeon (3/15)

Altars:
Cheibriados
Dithmenos


Message History

Enter note:
Enter note:
Enter note:
Enter note:
Enter note:
Enter note:
Enter note: You closely miss the ice beast.
The ice beast hits you but does no damage.
The ice beast hits you. The ice beast freezes you!
You closely miss the ice beast. You block the ice beast's attack.
You barely miss the ice beast. The ice beast hits you.
The ice beast freezes you.
You barely miss the ice beast. The ice beast hits you.
The ice beast freezes you!
The ice beast hits you but does no damage.
You hit the ice beast.
The ice beast is moderately wounded.
The ice beast hits you but does no damage.
You barely miss the ice beast.
The ice beast is moderately wounded.
The ice beast hits you but does no damage.
You closely miss the ice beast.
The ice beast is moderately wounded.
You block the ice beast's attack.
The ice beast hits you but does no damage.
You hit the ice beast.
The ice beast is moderately wounded.
The ice beast hits you but does no damage.
You barely miss the ice beast.
The ice beast is moderately wounded.
The ice beast closely misses you.
You barely miss the ice beast.
The ice beast is moderately wounded.
The ice beast hits you but does no damage. x2
You closely miss the ice beast.
The ice beast is moderately wounded.
The ice beast hits you. The ice beast freezes you!
You die...

#######.# ###.####
### #.....<# ##.##
#.#.##.# ##.#.##
#.#.##.#
##.###.####.#.##.##
#.## ##...........#
##.###.###.....#..#
##.#.## #.....@Y.#
##.##
#............. ###
#.# #.##.###.####.
#.###.# #.##.# .#
...##.# #..... #
......# ####+##
...#### ##...#####
#.#### ##.....#...
#.##.## ##........#


You could see an ice beast.

Vanquished Creatures
  Natasha (twice) (D:2)
  2 adders
  2 worms
  A dart slug (D:2)
  An orc (D:3)
  8 ball pythons
  6 bats
  4 endoplasms
  4 giant cockroaches
  3 goblins (D:1)
  4 hobgoblins
  2 jackals (D:2)
  3 kobolds
  4 quokkas
  7 frilled lizards
  A rat (D:3)
54 creatures vanquished.

Notes
Turn   | Place    | Note
-------+----------+-------------------------------------------
     0 | D:1      | qw the Gargoyle Fighter began the quest for the Orb.
     0 | D:1      | Reached XP level 1. HP: 14/14 MP: 1/1
     0 | D:1      | 0 ||| qw: Version: 0.2-a-29-g767f381
     0 | D:1      | 0 ||| qw: Game counter: 3883
     0 | D:1      | 0 ||| qw: Always use a shield: true
     0 | D:1      | 0 ||| qw: God list: Okawaru
     0 | D:1      | 0 ||| qw: Allow faded altars: false
     0 | D:1      | 0 ||| qw: Do Orc after D:15 true
     0 | D:1      | 0 ||| qw: Do second Lair branch before Depths: true
     0 | D:1      | 0 ||| qw: Lair rune preference: random
     0 | D:1      | 0 ||| qw: Plans: Normal, Zot:1-4, Slime:5, God:TSO, Crypt,
                  | Tomb, Abyss, Pan, Hells, Win
     0 | D:1      | 0 ||| PLANNING D:1-11
    65 | D:1      | Reached skill level 2 in Axes
   239 | D:1      | Reached XP level 2. HP: 14/19 MP: 2/2
   580 | D:1      | Reached skill level 3 in Axes
   589 | D:1      | Reached XP level 3. HP: 23/23 MP: 3/3
   761 | D:1      | 761 ||| UPGRADING to +0 helmet.
   766 | D:1      | 766 ||| READING scroll labelled WIBAIS GEVI.
   767 | D:1      | 767 ||| READING 2 scrolls labelled EXUWIUSIF.
   849 | D:2      | Noticed Natasha
   863 | D:2      | HP: 3/23 [Natasha/magic dart (6)]
   864 | D:2      | Killed Natasha
  1038 | D:2      | Reached XP level 4. HP: 27/28 MP: 4/4
  1147 | D:2      | Found a faded altar of an unknown god.
  1408 | D:2      | Reached skill level 4 in Axes
  1555 | D:2      | Noticed Natasha
  1560 | D:2      | Killed Natasha
  1642 | D:2      | 1642 ||| READING scroll labelled SINOES ZEMUUDGH.
  1645 | D:2      | 1645 ||| READING scroll labelled BYIM GUXEINOA.
  1646 | D:2      | 1646 ||| READING 2 scrolls of identify.
  1646 | D:2      | 1646 ||| IDENTIFYING pink potion
  1668 | D:3      | Found a shadowy altar of Dithmenos.
  1688 | D:3      | Reached XP level 5. HP: 32/32 MP: 5/5
  1697 | D:3      | 1697 ||| Stepping ~*~*~tactically~*~*~ (hiding).
  1979 | D:3      | Found a faded altar of an unknown god.
  1983 | D:3      | Found a snail-covered altar of Cheibriados.
  2532 | D:3      | Noticed an ice beast
  2541 | D:3      | HP: 3/32 [ice beast (12)]
  2548 | D:3      | HP: 4/32 [ice beast (1)]
  2548 | D:3      | Mangled by an ice beast

Levels and vault maps discovered:
D:1:      minmay_arrival_arboretum_small, layout_loops_ring
D:2:      layout_basic, chequers_ecumenical_altar_island, uniq_natasha
D:3:      layout_loops_corners, nicolae_overflow_ecumenical_swirl,
          nicolae_dithmenos_through_a_glass_darkly

Skill      XL: |  1  2  3  4 |
---------------+-------------+-----
Axes           | 2 3 4 |  4.7
Fighting       | |  3.2
Armour         | |  3.2
Shields        | |  3.2

Action                     |  1- 3 |  4- 6 || total
---------------------------+-------+-------++-------
  Melee: War axe           |    91 |   107 ||   198
    Use: Scroll            |     2 |     3 ||     5
 Armour: Scale mail        |    46 |    42 ||    88
  Dodge: Dodged            |    35 |    46 ||    81
  Block: Buckler           |    15 |    25 ||    40

Table legend:
 A = Non-vault XP
 B = Vault XP
 C = Vault XP percentage of total XP
 D = Non-vault monster count
 E = Vault monster count
 F = Vault count percentage of total count
                 A         B        C        D         E       F
            +---------+---------+-------+---------+---------+-------
      Total |     159 |      36 |  18.5 |      53 |       1 |   1.9
            +---------+---------+-------+---------+---------+-------
        D:1 |      38 |       0 |   0.0 |      20 |       0 |   0.0
        D:2 |      89 |      36 |  28.8 |      23 |       1 |   4.2
        D:3 |      32 |       0 |   0.0 |      10 |       0 |   0.0
            +---------+---------+-------+---------+---------+-------
